 Dungeon Crawl Stone Soup version 0.28-a0-297-g99b01970c5 (webtiles) character file.

Game seed: 6753912336344653438

419 Gargoyl the Skirmisher (level 6, -17/53 HPs)
             Began as a Gnoll Abyssal Knight on Aug 29, 2021.
             Was a Priest of Lugonu.
             Demolished by an ogre (28 damage)
             ... on level 4 of the Dungeon.
             The game lasted 00:05:51 (3727 turns).

Gargoyl the Skirmisher (Gnoll Abyssal Knight)       Turns: 3727, Time: 00:05:52

Health: -17/53     AC: 10    Str: 14    XL:     6   Next: 93%
Magic:  9/9        EV: 10    Int: 11    God:    Lugonu [***...]
Gold:   161        SH:  0    Dex: 11    Spells: 9/9 levels left

rFire   . . .      SeeInvis .   m - +0 hand axe (drain)
rCold   + . .      Faith    .   (no shield)
rNeg    . . .      Spirit   .   h - +0 scale mail
rPois   .          Reflect  .   c - +2 helmet
rElec   .          Harm     .   (no cloak)
rCorr   +          Rampage  .   (no gloves)
Will    .....                   (no boots)
Stlth   ..........              e - amulet of regeneration
HPRegen 1.17/turn               j - ring of resist corrosion
MPRegen 0.11/turn               g - ring of protection from cold

@: confused, ambrosia-drunk, studying Conjurations
A: fangs 1, strong nose, distributed training
a: Renounce Religion, Depart the Abyss, Bend Space, Banish


You were on level 4 of the Dungeon.
You worshipped Lugonu.
Lugonu was most pleased with you.
You visited 1 branch of the dungeon, and saw 5 of its levels.
You visited the Abyss 1 time.

You collected 161 gold pieces.

Inventory:

Hand Weapons
 a - a +1 hand axe
 m - a +0 hand axe of draining (weapon)
Armour
 c - a +2 helmet (worn)
 h - a +0 scale mail (worn)
Jewellery
 b - a ring of wizardry
 e - an amulet of regeneration (around neck)
 g - a ring of protection from cold (right hand)
 j - a ring of resist corrosion (left hand)
Wands
 p - a wand of flame (11)
 q - a wand of paralysis (2)
Scrolls
 f - a scroll of holy word {unknown}
 n - a scroll of fear {unknown}
 r - a scroll of fog {unknown}
 s - a scroll of blinking {unknown}
Potions
 d - 2 potions of attraction {unknown}
 i - a potion of flight {unknown}
 l - a potion of invisibility {unknown}
 o - 2 potions of curing {unknown}


   Skills:
 + Level 6.9 Fighting
 + Level 2.1 Short Blades
 + Level 2.1 Long Blades
 + Level 5.1 Axes
 + Level 2.1 Maces & Flails
 + Level 2.1 Polearms
 + Level 2.1 Staves
 + Level 2.1 Slings
 + Level 2.1 Bows
 + Level 2.1 Crossbows
 + Level 2.1 Throwing
 + Level 5.1 Armour
 + Level 3.4 Dodging
 + Level 2.1 Stealth
 + Level 2.1 Shields
 + Level 2.1 Unarmed Combat
 + Level 2.1 Spellcasting
 + Level 1.7 Conjurations
 + Level 1.7 Hexes
 + Level 1.7 Summonings
 + Level 1.7 Necromancy
 + Level 1.7 Translocations
 + Level 1.7 Transmutations
 + Level 1.7 Fire Magic
 + Level 1.7 Ice Magic
 + Level 1.7 Air Magic
 + Level 1.7 Earth Magic
 + Level 1.7 Poison Magic
 + Level 5.2 Invocations
 + Level 2.1 Evocations


You had 9 spell levels left.
You didn't know any spells.
Your spell library contained the following spells:

 Spells                   Type           Power      Damage    Failure   Level
 Magic Dart               Conj           20%        1d4       47%         1
 Searing Ray              Conj           10%        3d3       63%         2
 Gell's Gravitas          Tloc           2%         N/A       85%         3
 Teleport Other           Tloc           5%         N/A       85%         3
 Fulminant Prism          Conj/Hex       2%         3d6       99%         4
 Dispersal                Tloc           2%         N/A       100%        6
 Malign Gateway           Summ/Tloc      2%         N/A       100%        7
 Summon Horrible Things   Summ           2%         N/A       100%        8


Dungeon Overview and Level Annotations

Branches:
Dungeon (5/15)
 Temple: D:4-7

Altars:
Cheibriados

Portals:
Abyss: D:3

Annotations:
D:3 2 transporters, papapa55's ghost, amateur OgHu


Innate Abilities, Weirdness & Mutations

You have very sharp teeth.
Your uncanny sense of smell can sniff out nearby items.
Your experience applies equally to all skills.


Message History

The ogre hits you with a +0 giant club! The yak gores you!
The ufetubus hits you but does no damage.
The ufetubus hits you.
The killer bee zombie barely misses you.
You climb upwards.
There is a stone staircase leading down here.
The ogre closely misses you.
It was a potion of ambrosia.
You are confused.
You feel invigorated. The ogre hits you with a +0 giant club.
You bump into the rock wall.
The ogre barely misses you.
Your scale mail prevents you from hitting the ogre.
The ogre barely misses you.
You hit the ogre.
The ogre is lightly wounded.
The ogre hits you with a +0 giant club!
You hit the ogre.
The ogre is moderately wounded.
You slash the ogre!
The ogre is heavily wounded.
The ogre hits you with a +0 giant club!
You bump into the rock wall.
You feel less invigorated.
You feel less confused. The ogre hits you with a +0 giant club!
* * * LOW HITPOINT WARNING * * *
You hit the ogre.
The ogre is severely wounded.
The ogre hits you with a +0 giant club!
* * * LOW HITPOINT WARNING * * *
You are confused.
You feel invigorated. The ogre closely misses you.
You bump into the rock wall.
You bump into the rock wall.
The ogre hits you with a +0 giant club!
* * * LOW HITPOINT WARNING * * *
You hit the ogre but do no damage. You punch the ogre.
You bite the ogre, but do no damage.
The ogre is almost dead.
The ogre hits you with a +0 giant club!!
Ouch! That really hurt!
You die...

##.........#...............#.....
...#..#..###.....................
#####..).........................
#..............<.................
.................................
.#####.....########..............
.# #.........# ##............. .#
##....###.#####.>...........
.######.........@OY5.............
..##.>.###..########.......#.....
#..........## ###...##...###
####...##### ##..##..## #...#
#####.##### ##### #.........#
#.........# #.........#
#.........#


You could see a yak, an ogre and an ufetubus.

Vanquished Creatures
  A phantom (D:3)
  2 jellies (D:4)
  An iron imp (D:3)
  A bullfrog skeleton (D:4)
  Terence (D:2)
  A centaur skeleton (D:4)
  An iguana (D:4)
  Robin (D:2)
  A gnoll (D:1)
  An adder (D:2)
  2 worms
  A dart slug (D:1)
  2 orcs
  9 bats
  12 endoplasms
  A giant cockroach (D:4)
  19 goblins
  14 hobgoblins
  5 jackals (D:1)
  5 quokkas
  9 ball pythons
  2 frilled lizards (D:1)
  6 kobolds
  6 rats
104 creatures vanquished.

Notes
Turn   | Place    | Note
-------+----------+-------------------------------------------
     0 | Abyss:1  | Gargoyl the Gnoll Abyssal Knight began the quest for the
                  | Orb.
     0 | Abyss:1  | Reached XP level 1. HP: 23/23 MP: 3/3
    33 | Abyss:2  | Found a corrupted altar of Lugonu.
    72 | Abyss:3  | Noticed a lich
    85 | D:1      | Escaped the Abyss
   337 | D:1      | Reached XP level 2. HP: 25/29 MP: 5/5
   575 | D:1      | Reached * piety under Lugonu
   589 | D:1      | You fall into a shaft and drop 1 floor!
   747 | D:2      | Reached XP level 3. HP: 35/35 MP: 6/6
  1076 | D:1      | Reached skill level 1 in Short Blades
  1076 | D:1      | Reached skill level 1 in Long Blades
  1076 | D:1      | Reached skill level 1 in Maces & Flails
  1076 | D:1      | Reached skill level 1 in Polearms
  1076 | D:1      | Reached skill level 1 in Staves
  1076 | D:1      | Reached skill level 1 in Slings
  1076 | D:1      | Reached skill level 1 in Bows
  1076 | D:1      | Reached skill level 1 in Crossbows
  1076 | D:1      | Reached skill level 1 in Throwing
  1076 | D:1      | Reached skill level 1 in Stealth
  1076 | D:1      | Reached skill level 1 in Shields
  1076 | D:1      | Reached skill level 1 in Unarmed Combat
  1076 | D:1      | Reached skill level 1 in Spellcasting
  1076 | D:1      | Reached skill level 1 in Evocations
  1136 | D:1      | Reached XP level 4. HP: 41/41 MP: 7/7
  1474 | D:1      | Reached ** piety under Lugonu
  1703 | D:2      | Noticed Robin
  1745 | D:2      | Killed Robin
  1746 | D:2      | Reached skill level 1 in Conjurations
  1746 | D:2      | Reached skill level 1 in Hexes
  1746 | D:2      | Reached skill level 1 in Summonings
  1746 | D:2      | Reached skill level 1 in Necromancy
  1746 | D:2      | Reached skill level 1 in Translocations
  1746 | D:2      | Reached skill level 1 in Transmutations
  1746 | D:2      | Reached skill level 1 in Fire Magic
  1746 | D:2      | Reached skill level 1 in Ice Magic
  1746 | D:2      | Reached skill level 1 in Air Magic
  1746 | D:2      | Reached skill level 1 in Earth Magic
  1746 | D:2      | Reached skill level 1 in Poison Magic
  2043 | D:2      | Noticed Terence
  2054 | D:2      | Killed Terence
  2055 | D:2      | Reached XP level 5. HP: 47/47 MP: 8/8
  2429 | D:3      | Found a one-way gate to the infinite horrors of the Abyss.
  2429 | D:3      | Noticed an ancient zyme
  2432 | D:3      | Found a transporter.
  2436 | D:3      | Noticed papapa55's ghost (amateur OgHu)
  2451 | D:3      | Noticed a small abomination
  2546 | D:3      | Noticed a small abomination
  2553 | D:3      | Found a transporter.
  2595 | D:3      | Found a faded altar of an unknown god.
  2601 | D:3      | Noticed a phantom
  2627 | D:3      | Killed a phantom
  2628 | D:3      | Reached skill level 5 in Invocations
  2780 | D:3      | Reached XP level 6. HP: 53/53 MP: 9/9
  2841 | D:3      | Found a snail-covered altar of Cheibriados.
  3127 | D:4      | Reached *** piety under Lugonu
  3128 | D:4      | Reached skill level 5 in Axes
  3128 | D:4      | Reached skill level 5 in Armour
  3647 | D:5      | Entered Level 5 of the Dungeon
  3657 | D:5      | Identified the +0 leather armour "Qymu" {rElec Str+4}
  3657 | D:5      | Noticed a yak
  3658 | D:5      | Noticed a yak
  3660 | D:5      | Noticed a yak
  3660 | D:5      | Noticed a yak
  3660 | D:5      | Noticed a yak
  3727 | D:4      | Demolished by an ogre

Illustrated notes

Levels and vault maps discovered:
D:1:      dpeg_arrival_morbid_curiosity, layout_loops_ring, minmay_tripent
D:2:      layout_basic, uniq_robin, uniq_terence
D:3:      layout_basic, chei_slow_surprise,
          shapermc_ecumenical_altar_totnotflames,
          gammafunk_ghost_abyssal_escape, kennysheep_generic_room_11
D:4:      layout_rooms
D:5:      layout_basic, jmf_multi_god_temple, minmay_temple_entry_slanted,
          minmay_misc_feat_cross, small_statue_intersection, minmay_manual_mess

Skill      XL: |  1  2  3  4  5  6 |
---------------+-------------------+-----
Short Blades   | 1 2 |  2.1
Long Blades    | 1 2 |  2.1
Maces & Flails | 1 2 |  2.1
Polearms       | 1 2 |  2.1
Staves         | 1 2 |  2.1
Slings         | 1 2 |  2.1
Bows           | 1 2 |  2.1
Crossbows      | 1 2 |  2.1
Throwing       | 1 2 |  2.1
Stealth        | 1 2 |  2.1
Shields        | 1 2 |  2.1
Unarmed Combat | 1 2 |  2.1
Spellcasting   | 1 2 |  2.1
Evocations     | 1 2 |  2.1
Conjurations   | 1 |  1.7
Hexes          | 1 |  1.7
Summonings     | 1 |  1.7
Necromancy     | 1 |  1.7
Translocations | 1 |  1.7
Transmutations | 1 |  1.7
Fire Magic     | 1 |  1.7
Ice Magic      | 1 |  1.7
Air Magic      | 1 |  1.7
Earth Magic    | 1 |  1.7
Poison Magic   | 1 |  1.7
Dodging        | 3 |  3.4
Invocations    | 5 |  5.2
Axes           | 5 |  5.1
Armour         | 5 |  5.1
Fighting       | |  6.9

Action                   |  1- 3 |  4- 6 || total
-------------------------+-------+-------++-------
Melee: Rapier            |   114 |    13 ||   127
       Bite              |     7 |    17 ||    24
       Hand axe          |       |   203 ||   203
       Punch             |       |     3 ||     3
Invok: Depart the Abyss  |     1 |       ||     1
  Use: Scroll            |     1 |     2 ||     3
       Potion            |       |     2 ||     2
 Stab: Sleeping          |     2 |     1 ||     3
Armor: Leather armour    |    49 |    22 ||    71
       Scale mail        |       |    82 ||    82
Dodge: Dodged            |   120 |   141 ||   261

Table legend: (Time is in decaauts)
 A = Elapsed time spent in this place.
 B = Non-inter-level travel time spent in this place.
 C = Inter-level travel time spent in this place.
 D = Time resting spent in this place.
 E = Time spent auto-exploring this place.
 F = Levels seen in this place.
 G = Mean time per level.
                   A        B        C        D        E       F      G
               +--------+--------+--------+--------+--------+-----+--------+
         Total |   3763 |   3613 |    150 |    100 |   2456 |   8 |  470.4 |
       Dungeon |   3675 |   3525 |    150 |    100 |   2413 |   5 |  735.0 |
         Abyss |     88 |     88 |      0 |      0 |     43 |   3 |   29.3 |
               +--------+--------+--------+--------+--------+-----+--------+

Top non-repeatable levels by time:
     D:1: 1389 daAuts
     D:3: 925 daAuts
     D:2: 704 daAuts
     D:4: 594 daAuts
     D:5: 61 daAuts
 Abyss:2: 36 daAuts
 Abyss:1: 36 daAuts
 Abyss:3: 16 daAuts
